 Dungeon Crawl Stone Soup version 0.21.1-1-g345015f (webtiles) character file.

91 Gurps the Conjurer (level 4, -2/24 HPs)
             Began as a Deep Elf Conjurer on Mar 24, 2018.
             Slain by an adder (4 damage)
             ... on level 3 of the Dungeon.
             The game lasted 00:09:11 (1682 turns).

Gurps the Conjurer (Deep Elf Conjurer)              Turns: 1682, Time: 00:09:11

Health: -2/24      AC:  2    Str:  6    XL:     4   Next: 34%
Magic:  10/10      EV: 13    Int: 20    God:
Gold:   123        SH:  0    Dex: 15    Spells: 8/9 levels left

rFire    . . .     SeeInvis .   m - +0 dagger
rCold    . . .     Gourm    .   (no shield)
rNeg     . . .     Faith    .   a - +0 robe
rPois    .         Spirit   .   (no helmet)
rElec    .         Reflect  .   (no cloak)
rCorr    .         Harm     .   (no gloves)
MR       .....                  (no boots)
Stlth    ++........             (no amulet)
HPRegen  0.08/turn              (no ring)
MPRegen  0.12/turn              (no ring)

@: no status effects
A: no striking features
a: no special abilities


You were on level 3 of the Dungeon.
You were not hungry.

You visited 1 branch of the dungeon, and saw 3 of its levels.

You collected 123 gold pieces.

Inventory:

Hand Weapons
 m - a +0 dagger (weapon)
Armour
 a - a +0 robe (worn)
 d - a +0 shield
Jewellery
 l - an uncursed ring of wizardry {unknown}
Scrolls
 e - a scroll of noise {unknown}
 f - 2 scrolls of identify {unknown}
 h - a scroll of amnesia {unknown}
 k - 2 scrolls of teleportation {unknown}
Potions
 g - 3 potions of curing {unknown}
 i - 2 potions of mutation {unknown}
 j - 4 potions of heal wounds {unknown}
Books
 b - a book of Conjurations

   Spells                             Type                      Level
   a - Magic Dart                     Conjuration                  1
   b - Searing Ray                    Conjuration                  2
   c - Dazzling Spray                 Conjuration/Hexes            3
   d - Fulminant Prism                Conjuration/Hexes            4
   e - Force Lance                    Conjuration/Translocation    4
   f - Iskenderun's Mystic Blast      Conjuration                  4
Comestibles
 c - 2 rations


   Skills:
 - Level 2.4 Dodging
 - Level 2.4 Stealth
 - Level 3.0 Spellcasting
 + Level 6.4 Conjurations


You had 8 spell levels left.
You knew the following spells:

 Your Spells              Type           Power        Failure   Level  Hunger
a - Magic Dart            Conj           ####         1%          1    None


Dungeon Overview and Level Annotations

Branches:
Dungeon (3/15)

Altars:

Annotations:
D:3 bmj180's ghost, amateur HaFi


Message History

You see here a chain mail.
Memorise Searing Ray, consuming 2 spell levels and leaving 6? [Y]es or [N]o only, please.
Memorise Searing Ray, consuming 2 spell levels and leaving 6? [Y]es or [N]o only, please.
Memorise Searing Ray, consuming 2 spell levels and leaving 6?
Okay, then.
There is a stone staircase leading down here.
You climb downwards.
Level annotation: bmj180's ghost, amateur HaFi The adder bites you.
The orc hits you with a trident. The adder bites you. Bmj180's ghost hits you!
* * * LOW HITPOINT WARNING * * *
There is a stone staircase leading up, spattered with blood here.
The adder completely misses you. The orc hits you with a trident.
* * * LOW HITPOINT WARNING * * *
Bmj180's ghost hits you.
* * * LOW HITPOINT WARNING * * *
The adder bites you.
You die...

#...
#.......#...
#... #....o#.#
#... #..o..# #
#... ####W##
#... #.# #...
#.#
####...#####.#
.........SWo.#
........o@...#
.###...####..#
#### ....#
......#
#......#
#......#
.........
##......#


You could see bmj180's ghost, an adder and 2 orcs.

Vanquished Creatures
  2 adders (D:2)
  An ooze (D:2)
  A worm (D:2)
  3 dart slugs
  5 leopard geckos
  An orc (D:2)
  8 bats
  2 giant cockroaches (D:2)
  8 goblins
  4 hobgoblins (D:1)
  5 jackals
  2 quokkas (D:2)
  A ball python (D:1)
  A frilled lizard (D:1)
  2 kobolds (D:1)
  6 rats
52 creatures vanquished.

Notes
Turn   | Place    | Note
-------+----------+-------------------------------------------
     0 | D:1      | Gurps the Deep Elf Conjurer began the quest for the Orb.
     0 | D:1      | Reached XP level 1. HP: 10/10 MP: 6/6
   149 | D:1      | Reached XP level 2. HP: 15/15 MP: 5/8
   285 | D:1      | Reached skill level 5 in Conjurations
   546 | D:1      | Reached XP level 3. HP: 10/19 MP: 1/9
  1054 | D:2      | Reached skill level 6 in Conjurations
  1178 | D:2      | Reached XP level 4. HP: 14/24 MP: 5/10
  1621 | D:3      | Noticed bmj180's ghost (amateur HaFi)
  1682 | D:3      | Slain by an adder

Skill      XL: |  1  2  3 |
---------------+----------+-----
Conjurations   | 5 6 |  6.4
Dodging        | |  2.4
Stealth        | |  2.4
Spellcasting   | |  3.0

Action                   |  1- 3 |  4- 6 || total
-------------------------+-------+-------++-------
Melee: Unarmed           |     5 |       ||     5
 Cast: Magic Dart        |    78 |    21 ||    99
  Eat: Ration            |       |     1 ||     1
Armor: Robe              |    10 |     1 ||    11
Dodge: Dodged            |    35 |     6 ||    41
